AoeStats
← Green Assassin

Black Forest

510304394Analyzed
4v4 RM · 12h ago on Sep 30, 2026· 43m 38s· 8 players
Game mode
Random Map
Map size
Large (8 player)
Population
200
Speed
Normal
Resources
Standard
Victory
Conquest
Starting age
Dark Age
Ending age
Imperial Age
RankedLock teamsTeams togetherTeam positionsShared explorationLock speedFull tech treeHidden civsTurbo modeCheats
Victory
Defeat
🇩🇪 Mongols · Germany
1273
+11
🇪🇸 Japanese · Spain
1266
+12
🇨🇳 Burgundians · China
1241
+13
🇬🇧 Bohemians · United Kingdom
1216
+14
🇲🇳 Mongols · Mongolia
1206
-15
🇨🇳 Franks · China
1168
-12
🇲🇳 Khmer · Mongolia
1163
-12
🇲🇳 Persians · Mongolia
1146
-11
IkerJura23783
8:32 Loom
13:40 Feudal Age
14:19 Double-Bit Axe
16:09 Stone Mining
16:07 Horse Collar
19:13 Castle Age
17:35 Gold Mining
17:49 Scale Mail Armor
18:00 Forging
20:15 Fletching
21:16 Gold Shaft Mining
20:55 Bow Saw
21:00 Squires
20:45 Arson
21:26 Bodkin Arrow
35:32 Wheelbarrow
34:48 Town Watch
38:32 Imperial Age
37:36 Hand Cart
37:05 Pikeman
38:03 Chain Mail Armor
38:23 Iron Casting
37:55 Gambesons
38:44 Halberdier
41:39 Plate Mail Armor
42:10 Blast Furnace
41:50 Conscription
42:53 Two-Man Saw
43:52 Town Patrol
Green Assassin
0:28 Loom
10:47 Feudal Age
18:44 Castle Age
16:32 Horse Collar
16:59 Double-Bit Axe
18:31 Wheelbarrow
20:55 Bow Saw
20:47 Heavy Plow
20:55 Fletching
25:40 Gold Mining
26:16 Ballistics
27:10 Bodkin Arrow
27:15 Padded Archer Armor
28:58 Leather Archer Armor
29:28 Bloodlines
29:18 Husbandry
34:20 Imperial Age
32:18 Hand Cart
32:29 Caravan
32:59 Thumb Ring
34:34 Elite Mangudai
35:19 Bracer
36:26 Chemistry
35:59 Conscription
37:04 Parthian Tactics
38:21 Drill
40:35 Siege Engineers
40:40 Masonry
43:34 Fortified Wall
43:21 Murder Holes
44:34 Hoardings
蔡鳥
1:00 Loom
10:25 Double-Bit Axe
13:10 Feudal Age
16:59 Castle Age
15:12 Bow Saw
21:18 Devotion
23:37 Horse Collar
26:42 Gold Mining
26:44 Stone Mining
27:48 Forging
30:59 Imperial Age
29:06 Wheelbarrow
29:48 Heavy Plow
30:02 Scale Barding Armor
30:32 Iron Casting
30:44 Hand Cart
31:43 Scale Mail Armor
32:09 Chain Barding Armor
31:25 Cavalier
32:05 Husbandry
33:42 Blast Furnace
33:23 Husbandry
32:49 Paladin
35:14 Plate Barding Armor
35:08 Conscription
36:10 Two-Man Saw
40:26 Scale Mail Armor
40:13 Flemish Revolution
41:23 Chain Mail Armor
42:33 Plate Mail Armor
Leeroy Jenkins III
11:15 Feudal Age
15:04 Castle Age
12:53 Double-Bit Axe
16:11 Bow Saw
17:31 Wheelbarrow
17:38 Horse Collar
18:41 Fervor
23:21 Heavy Plow
24:43 Hand Cart
24:35 Caravan
28:41 Imperial Age
26:59 Scale Mail Armor
27:11 Forging
28:04 Chemistry
27:23 Loom
27:24 Town Watch
27:54 Pikeman
28:34 Squires
28:21 Arson
29:09 Chain Mail Armor
29:30 Iron Casting
29:11 Masonry
28:54 Halberdier
29:21 Arson
30:43 Two-Man Saw
30:32 Architecture
31:08 Plate Mail Armor
33:00 Houfnice
36:10 Siege Engineers
36:27 Ballistics
XYHHY
1:08 Loom
12:14 Feudal Age
13:52 Double-Bit Axe
16:35 Castle Age
15:07 Horse Collar
20:01 Bow Saw
26:55 Wheelbarrow
27:13 Fletching
27:53 Bodkin Arrow
29:06 Padded Archer Armor
29:09 Gold Mining
29:54 Ballistics
35:09 Imperial Age
33:34 Murder Holes
33:56 Leather Archer Armor
34:04 Hand Cart
35:10 Bloodlines
35:21 Heavy Plow
35:17 Stone Mining
35:43 Thumb Ring
35:27 Elite Mangudai
36:33 Conscription
36:17 Bracer
37:21 Husbandry
37:51 Parthian Tactics
37:32 Light Cavalry
39:45 Chemistry
kidar
11:32 Feudal Age
15:48 Castle Age
13:53 Double-Bit Axe
14:27 Horse Collar
16:47 Bow Saw
17:15 Wheelbarrow
17:03 Heavy Plow
20:29 Hand Cart
23:07 Stone Mining
23:47 Gold Mining
27:47 Town Watch
32:53 Imperial Age
31:55 Gold Shaft Mining
33:00 Scale Barding Armor
34:00 Ballistics
34:17 Chain Barding Armor
34:08 Forging
34:41 Crop Rotation
34:45 Conscription
36:12 Chemistry
36:39 Double Crossbow
38:16 Iron Casting
37:43 Elite Ballista Elephant
38:28 Husbandry
39:06 Plate Barding Armor
kashei
1:01 Loom
13:43 Feudal Age
19:12 Castle Age
16:54 Horse Collar
18:02 Double-Bit Axe
19:15 Fletching
20:28 Gold Mining
20:32 Stone Mining
23:31 Masonry
23:47 Gold Mining
26:29 Murder Holes
28:48 Wheelbarrow
28:36 Ballistics
31:53 Scale Barding Armor
935800082
1:16 Loom
11:02 Feudal Age
15:25 Castle Age
13:18 Double-Bit Axe
16:32 Bow Saw
17:37 Wheelbarrow
22:36 Hand Cart
22:34 Gold Mining
27:48 Imperial Age
26:34 Scale Barding Armor
26:40 Forging
26:41 Husbandry
27:58 Gold Shaft Mining
28:19 Chain Barding Armor
28:07 Onager
28:21 Cavalier
30:01 Scale Mail Armor
30:38 Plate Barding Armor
32:23 Iron Casting
34:04 Blast Furnace
33:26 Paladin
Connection lost

Rejoining the realm…

Still unreachable

The connection could not be restored.

Session expired

The server has moved on; the page needs a fresh start.